Map: Costas tropicales

Players

MrFercho - Winner!

  • Race: Zerg Zerg
  • Spawn Location: 5:00

tigro

  • Race: Terran Terran
  • Spawn Location: 0:00

VOD

Have the link to the VOD?

Description

Time

  • Played on: March 19, 2020, 9:53 p.m.
  • Length: 6:06
Show
View Real Time Build Order
Export as new Build Order

MrFercho Zerg - Winner!

Build Orders: Pool First 

Get SALT Encoding   

  12  0:05  Drone  
  13  0:43  Overlord, Drone  
  14  1:11  Overlord, Drone  
  14  1:12  Drone  
  16  1:21  Extractor  
  15  1:30  Spawning Pool  
  14  1:34  Drone  
  15  1:55  Drone x2  
  15  1:56  Drone  
  18  2:12  Drone  
  19  2:28  Roach Warren  
  18  2:31  Zergling x4  
  20  2:45  Queen  
  22  2:59  Drone x2  
  24  3:06  Extractor  
  24  3:07  Metabolic Boost  
  24  3:12  Drone  
  24  3:13  Drone  
  25  3:33  Roach  
  27  3:36  Drone  
  28  3:45  Overlord  
  26  4:17  Drone  
  26  4:18  Drone x3  
  30  4:39  Lair  
  30  4:51  Evolution Chamber  
  29  4:56  Evolution Chamber  
  28  5:17  Zergling x4  
  28  5:18  Zergling x6  
  28  5:21  Overlord  
  33  5:47  Hatchery  
  32  5:54  Hatchery  
Show
View Real Time Build Order
Export as new Build Order

tigro Terran 

Build Orders:  

Get SALT Encoding   

  12  0:08  SCV  
  13  0:20  SCV  
  14  0:23  Supply Depot  
  14  0:32  SCV  
  15  0:45  SCV  
  15  0:47  Supply Depot  
  16  0:57  SCV  
  17  1:09  SCV  
  18  1:16  Barracks  
  18  1:22  Refinery  
  18  1:24  SCV  
  19  1:33  Refinery  
  19  1:36  SCV  
  20  1:48  SCV  
  21  2:05  Barracks  
  21  2:06  Marine  
  22  2:24  Marine  
  23  2:42  Marine  
  24  2:55  SCV  
  24  2:56  Engineering Bay  
  25  2:59  Marine  
  26  3:17  Marine  
  27  3:22  Barracks Tech Lab  
  27  3:26  Command Center, Terran Infantry Weapons Level 1  
  27  3:42  Marine  
  27  3:48  Combat Shield, Missile Turret  
  28  4:00  Marine  
  28  4:18  Marine  
  29  4:36  Marine  
  32  4:45  Marauder  
  32  4:50  Missile Turret  
  32  4:53  Marine  
  32  4:56  Planetary Fortress  
  33  5:06  SCV  
  36  5:07  Marauder, Concussive Shells  
  36  5:18  SCV  
  37  5:21  Refinery  
  37  5:28  Marauder  
  39  5:30  SCV  
  40  5:39  Missile Turret  
  41  5:42  SCV  
  43  5:51  Supply Depot  
Tags
 
Matchup
TvZ
Opening
Pool First
Replay Pack
MrFercho
Add a new tag
Caveats
  • Supply blocks, unpowered buildings, or Contaminate may cause inaccurate times.
  • Supply counts are checked every 10 seconds.